 Dungeon Crawl Stone Soup version 0.23-a0-577-g2b1de94 (webtiles) character file.

179 zishaf the Skirmisher (level 5, -4/70 HPs)
             Began as a Minotaur Berserker on Dec 14, 2018.
             Was a Believer of Trog.
             Slain by an ogre
             ... wielding a +0 giant club
              (14 damage)
             ... on level 4 of the Dungeon.
             The game lasted 00:03:27 (2140 turns).

zishaf the Skirmisher (Minotaur Berserker)          Turns: 2140, Time: 00:03:28

Health: -4/70      AC:  7    Str: 27    XL:     5   Next: 33%
Magic:  0/4        EV: 11    Int:  4    God:    Trog [**....]
Gold:   117        SH:  0    Dex: 10    Spells: 4/4 levels left

rFire    . . .     SeeInvis .   a - +0 hand axe
rCold    . . .     Gourm    .   (no shield)
rNeg     . . .     Faith    .   h - +0 scale mail
rPois    .         Spirit   +   j - +0 hat
rElec    .         Reflect  .   t - scarf {Spirit}
rCorr    .         Harm     .   (no gloves)
MR       .....                  (no boots)
Stlth    ..........             (no amulet)
HPRegen  0.21/turn              m - ring of stealth
MPRegen  0.09/turn              (no ring)

@: berserking, very quick
A: retaliatory headbutt, horns 2
a: Berserk, Trog's Hand, Renounce Religion


You were on level 4 of the Dungeon.
You worshipped Trog.
Trog was pleased with you.
You were hungry.

You visited 1 branch of the dungeon, and saw 4 of its levels.

You collected 117 gold pieces.

Inventory:

Hand Weapons
 a - a +0 hand axe (weapon)
Armour
 h - a +0 scale mail (worn)
 j - a +0 hat (worn)
 t - a scarf of spirit shield (worn)
Jewellery
 m - a ring of stealth (left hand)
Wands
 i - a wand of scattershot (3)
Scrolls
 d - a scroll of fear {unknown}
 f - a scroll of blinking {unknown}
 l - a scroll of magic mapping {unknown}
 n - 4 scrolls of teleportation
 o - a scroll of amnesia {unknown}
 p - 2 scrolls of enchant weapon {unknown}
 q - a scroll of remove curse
Potions
 b - a potion of haste {unknown}
 e - 2 potions of ambrosia
 k - 3 potions of curing
 r - a potion of cancellation {unknown}
 s - a potion of heal wounds {unknown}
Comestibles
 c - 7 rations


   Skills:
 + Level 4.6 Fighting
 + Level 4.5 Axes
 * Level 4.6 Armour
 + Level 3.3 Dodging


You had 4 spell levels left.
You didn't know any spells.
Your spell library was empty.

Dungeon Overview and Level Annotations

Branches:
Dungeon (4/15)
 Temple: D:4-7

Altars:
Trog


Innate Abilities, Weirdness & Mutations

You reflexively headbutt those who attack you in melee.
You have a pair of horns on your head.


Message History

An ogre is nearby!
There is an open door here.
The ogre closely misses you.
You hit the ogre.
You headbutt the ogre, but do no damage.
The ogre is lightly wounded.
The ogre hits you with a +0 giant club!!
You hit the ogre.
The ogre is moderately wounded.
The ogre hits you with a +0 giant club!!
Ouch! That really hurt!
* * * LOW HITPOINT WARNING * * *
There is an open door here.
A red film seems to cover your vision as you go berserk!
You feel yourself moving faster!
You feel mighty!
You are feeling hungry.
You hit the ogre.
The ogre is heavily wounded.
The ogre hits you with a +0 giant club!
You die...

# # ### #
######.############ #
..................# #
##.....########.# #
##...## #.# # ##@##
#.# # #O# #####.#####
#.# #.........# ##'##
#.###.###.# #...# #.#
#.## # #.....#
#รท###..# .# #.......#
#.##.#.##.#
#.........##.........#
+.........+...........


You could see an ogre.

Vanquished Creatures
  Jessica (D:2)
  A hound skeleton (D:4)
  7 adders
  4 dart slugs
  5 leopard geckos
  An orc (D:4)
  2 ball pythons
  8 bats
  2 giant cockroaches (D:1)
  7 goblins
  5 hobgoblins
  6 jackals
  2 quokkas (D:2)
  A frilled lizard (D:1)
  A jackal skeleton (D:4)
  8 kobolds
  4 rats
65 creatures vanquished.

Vanquished Creatures (others)
  A wizard (D:3)
1 creature vanquished.

Grand Total: 66 creatures vanquished

Notes
Turn   | Place    | Note
-------+----------+-------------------------------------------
     0 | D:1      | zishaf the Minotaur Berserker began the quest for the Orb.
     0 | D:1      | Reached XP level 1. HP: 19/19 MP: 0/0
   161 | D:1      | Reached XP level 2. HP: 18/27 MP: 1/1
   303 | D:1      | Reached XP level 3. HP: 21/33 MP: 2/2
   373 | D:1      | Reached ** piety under Trog
  1135 | D:2      | Noticed Jessica
  1142 | D:2      | Killed Jessica
  1142 | D:2      | Reached XP level 4. HP: 40/40 MP: 3/3
  1352 | D:3      | Found a bloodstained altar of Trog.
  1354 | D:3      | Noticed a wizard
  1360 | D:3      | Killed a wizard
  1537 | D:3      | Reached XP level 5. HP: 44/47 MP: 4/4
  2130 | D:4      | Noticed an ogre
  2140 | D:4      | Slain by an ogre

Vault maps used:
D:1:      lightli_arrival_noodles
D:2:      first_ration, kennysheep_jessica_study
D:3:      trog_wizard

Skill      XL: |  1  2  3  4 |
---------------+-------------+-----
Armour         | 3 4 |  4.6
Axes           | 4 |  4.5
Fighting       | 4 |  4.6
Dodging        | 3 |  3.3

Action                   |  1- 3 |  4- 6 || total
-------------------------+-------+-------++-------
Melee: Hand axe          |    85 |    78 ||   163
       Headbutt          |     8 |     6 ||    14
Invok: Berserk           |     1 |     1 ||     2
  Use: Scroll            |     1 |     3 ||     4
 Stab: Sleeping          |     1 |       ||     1
  Eat: Chunk             |     1 |     4 ||     5
Armor: Ring mail         |    29 |    33 ||    62
       Scale mail        |       |     1 ||     1
Dodge: Dodged            |    70 |    60 ||   130

Table legend:
 A = Non-vault XP
 B = Vault XP
 C = Vault XP percentage of total XP
 D = Non-vault monster count
 E = Vault monster count
 F = Vault count percentage of total count
                 A         B        C        D         E       F
            +---------+---------+-------+---------+---------+-------
      Total |     218 |      39 |  15.2 |      63 |       2 |   3.1
            +---------+---------+-------+---------+---------+-------
        D:1 |      55 |       0 |   0.0 |      27 |       0 |   0.0
        D:2 |      32 |      39 |  54.9 |      13 |       2 |  13.3
        D:3 |      95 |       0 |   0.0 |      19 |       0 |   0.0
        D:4 |      36 |       0 |   0.0 |       4 |       0 |   0.0
            +---------+---------+-------+---------+---------+-------
